Description

x

Replay - 1 - Curious_Minds_LE_2

Build Order

Get SALT Encoding   

  12  0:00  SCV  
  13  0:12  SCV  
  14  0:17  Supply Depot  
  14  0:24  SCV  
  15  0:38  SCV  
  15  0:39  Barracks  
  16  0:43  Refinery  
  16  0:50  SCV  
  17  1:01  Barracks  
  17  1:03  SCV  
  18  1:08  Refinery  
  18  1:17  SCV  
  19  1:26  Reaper  
  19  1:30  Orbital Command  
  20  1:39  Supply Depot  
  20  1:48  Reaper  
  21  1:55  SCV  
  21  1:58  Reaper  
  23  2:07  Factory, SCV  
  24  2:14  Supply Depot  
  24  2:20  Reaper  
  24  2:21  SCV  
  26  2:30  Reaper  
  28  2:48  Command Center  
  28  2:53  Hellion  
  28  2:57  Reaper  
  31  3:05  Reaper  
  33  3:15  Hellion  
  35  3:27  Starport  
  39  3:49  Refinery  
Spawning Tool Build Advisor. Get it on Overwolf

Analysis

x

Go to:

Details

  • Created by: charles5
  • Published on: Dec 17, 2021
  • Modified on: Dec 17, 2021
  • Patch: 4.11.0
  • Difficulty: Hard
Show
View Real Time Build Order
Export as new Build Order

Comments (0)

There are no comments. Be the first!

Create an account to comment!